 Dungeon Crawl Stone Soup version 0.27.0-66-gdc8fb28755 (webtiles) character file.

Game seed: 10441879812633090703

1592 robertstho the Chopper (level 8, -3/71 HPs)
             Began as a Green Draconian Berserker on Aug 19, 2021.
             Was an Elder of Trog.
             Killed from afar by a steam dragon (25 damage)
             ... with a ball of steam
             ... on level 7 of the Dungeon.
             The game lasted 00:07:38 (7157 turns).

robertstho the Chopper (Green Draconian Berserker)  Turns: 7157, Time: 00:07:39

Health: -3/71      AC:  6    Str: 22    XL:     8   Next: 61%
Magic:  8/8        EV: 11    Int:  7    God:    Trog [****..]
Gold:   343        SH: 15    Dex: 17    Spells: 7/7 levels left

rFire    . . .     SeeInvis .   a - +0 hand axe
rCold    . . .     Faith    .   j - +0 tower shield
rNeg     . . .     Spirit   .   (armour unavailable)
rPois    +         Reflect  .   (helmet restricted)
rElec    .         Harm     .   (no cloak)
rCorr    .         Rampage  .   (no gloves)
Will     +....                  (no boots)
Stlth    ++........             (no amulet)
HPRegen  0.21/turn              v - ring of willpower
MPRegen  0.11/turn              w - +6 ring of dexterity

@: studying Shields
A: breathe noxious fumes, AC +6, unfitting armour, poison resistance,
cold-blooded
a: Breathe Noxious Fumes, Renounce Religion, Berserk, Trog's Hand, Brothers in
Arms


You were on level 7 of the Dungeon.
You worshipped Trog.
Trog was greatly pleased with you.
You visited 1 branch of the dungeon, and saw 7 of its levels.
You also visited: Ossuary.

You collected 343 gold pieces.

Inventory:

Hand Weapons
 a - a +0 hand axe (weapon)
Missiles
 l - 2 throwing nets (quivered)
Armour
 j - a +0 tower shield (worn)
Jewellery
 v - a ring of willpower (left hand)
 w - a +6 ring of dexterity (right hand)
 y - a ring of fire
Wands
 r - a wand of digging (3)
 s - a wand of iceblast (16)
Scrolls
 c - 2 scrolls of vulnerability {unknown}
 d - 6 scrolls of teleportation
 f - 2 scrolls of magic mapping {unknown}
 h - a scroll of immolation
 i - 3 scrolls of enchant weapon
 t - a scroll of blinking {unknown}
 x - a scroll of fear {unknown}
 z - 3 scrolls of identify
 A - a scroll of amnesia {unknown}
 B - a scroll of enchant armour {unknown}
Potions
 b - 2 potions of brilliance {unknown}
 e - a potion of might {unknown}
 g - a potion of lignification
 k - a potion of resistance {unknown}
 m - a potion of mutation {unknown}
 n - a potion of attraction {unknown}
 o - 4 potions of curing
 p - 2 potions of ambrosia {unknown}
 q - 3 potions of flight {unknown}
 u - a potion of heal wounds {unknown}


   Skills:
 * Level 6.3 Fighting
 + Level 6.5 Axes
 * Level 6.1 Dodging
 + Level 2.3 Stealth
 + Level 5.3 Shields


You had 7 spell levels left.
You didn't know any spells.
Your spell library was empty.

Dungeon Overview and Level Annotations

Branches:
Dungeon (7/15)            Ossuary (visited)
 Temple: D:4-7

Altars:
Fedhas
Gozag
Kikubaaqudgha
Makhleb
Qazlal
Ru
Xom
Yredelemnul

Shops:
D:2 [   D:6 :


Innate Abilities, Weirdness & Mutations

You can breathe blasts of noxious fumes.
Your lurid green scales are hard. (AC +6)
You cannot fit into any form of body armour.
Your system is resistant to poisons. (rPois)
You are cold-blooded and may be slowed by cold attacks.


Message History

You slash the howler monkey zombie!
Your tail-slap misses the howler monkey zombie.
The howler monkey zombie is moderately damaged.
The howler monkey zombie hits you.
You hit the howler monkey zombie but do no damage.
Your tail-slap misses the howler monkey zombie.
The howler monkey zombie is moderately damaged.
You block the howler monkey zombie's attack.
You hit the howler monkey zombie.
The howler monkey zombie is moderately damaged.
You block the howler monkey zombie's attack. x2
There are monsters nearby!
There are monsters nearby!
There are monsters nearby!
There are monsters nearby!
You hit the howler monkey zombie. You tail-slap the howler monkey zombie.
The howler monkey zombie is severely damaged.
The steam dragon hisses angrily.
You block the howler monkey zombie's attack.
You hit the howler monkey zombie.
The howler monkey zombie is almost destroyed.
You block the howler monkey zombie's attack.
The steam dragon breathes steam at you. The ball of steam hits you!!
You hit the howler monkey zombie. You tail-slap the howler monkey zombie.
You destroy the howler monkey zombie!
Trog accepts your kill.
You are engulfed in a cloud of scalding steam.
No target in view!
No target in view!
Unknown command.
The steam dragon breathes steam at you. The ball of steam hits you!
Found 13 gold pieces.
You are engulfed in a cloud of scalding steam.
You hit the steam dragon but do no damage.
You are engulfed in a cloud of scalding steam.
The steam dragon breathes steam at you. The ball of steam hits you!!
You die...

#..............##.#.##...####.
#..............##.#...........
###.....#+###..####.....####..
#.#.###......## #####.......
#..........(..#### #.####..
#.#........#.....# #.# #..
<.....###§§.#.....# #.# #...
##.....###..§?.....## #.. #...
.........§..§@D...... ... ....
..........#.#.#.###.##
#.###... .........>........ ..
.... .........##...#.### .
.... #.....# . ... ##.#### .
.. . .$


You could see a steam dragon (catching breath).

Vanquished Creatures
  An orc warrior (D:6)
  A water moccasin (D:7)
  An ice beast (D:7)
  2 black bears
  A phantom (D:6)
  A kobold brigand (D:6)
  An elf zombie (Ossuary)
  A scorpion (D:5)
  2 water moccasin skeletons
  A howler monkey (D:5)
  5 centaur zombies
  2 human zombies (Ossuary)
  A bullfrog zombie (D:5)
  A jelly (D:5)
  A centaur skeleton (D:7)
  Natasha (thrice) (D:2)
  3 iguanas
  A killer bee zombie (D:7)
  2 mummies (Ossuary)
  2 howler monkey zombies (D:7)
  3 gnolls (D:5)
  4 adders
  2 shadow imps
  An ufetubus (D:6)
  2 worms
  A dart slug (D:4)
  5 orcs
  8 endoplasms
  3 giant cockroaches
  2 goblins
  6 hobgoblins
  4 jackals
  8 kobolds
  4 quokkas
  7 ball pythons
  8 bats
  A frilled lizard (D:2)
  A goblin zombie (Ossuary)
  11 hobgoblin zombies (Ossuary)
  8 kobold zombies (Ossuary)
  9 orc zombies (Ossuary)
  4 rats
  2 rat zombies (Ossuary)
137 creatures vanquished.

Notes
Turn   | Place    | Note
-------+----------+-------------------------------------------
     0 | D:1      | robertstho the Draconian Berserker began the quest for the
                  | Orb.
     0 | D:1      | Reached XP level 1. HP: 19/19 MP: 1/1
   320 | D:1      | Reached XP level 2. HP: 23/26 MP: 2/2
   861 | D:2      | Noticed Natasha
   872 | D:2      | Killed Natasha
   873 | D:2      | Reached XP level 3. HP: 29/33 MP: 3/3
  1038 | D:2      | Found Raosucra's Antique Armour Shoppe.
  1299 | D:2      | Noticed Natasha
  1308 | D:2      | Killed Natasha
  1309 | D:2      | Reached XP level 4. HP: 16/40 MP: 4/4
  1571 | D:2      | Reached ** piety under Trog
  1975 | D:2      | Noticed Natasha
  1982 | D:2      | Killed Natasha
  2114 | D:3      | Found a faded altar of an unknown god.
  2230 | D:3      | Reached XP level 5. HP: 41/47 MP: 5/5
  2734 | D:3      | Found a stormy altar of Qazlal.
  3080 | D:4      | Reached skill level 1 in Stealth
  3116 | D:4      | Found a sand-covered staircase.
  3125 | Ossuary  | Entered an ossuary
  3411 | Ossuary  | Reached *** piety under Trog
  3412 | Ossuary  | Reached XP level 6. HP: 13/55 MP: 6/6
  3881 | Ossuary  | Reached skill level 5 in Axes
  3881 | Ossuary  | Reached skill level 1 in Shields
  4026 | Ossuary  | Reached skill level 5 in Fighting
  4573 | D:4      | Found an opulent altar of Gozag.
  4654 | D:4      | Found a burning altar of Makhleb.
  4654 | D:4      | Noticed a balrug
  4786 | D:5      | Entered Level 5 of the Dungeon
  4837 | D:5      | Your scales start taking on a lurid green colour.
  4837 | D:5      | Reached XP level 7. HP: 59/61 MP: 7/7
  4837 | D:5      | Gained mutation: Your system is resistant to poisons.
                  | (rPois) [Green Draconian growth]
  5189 | D:5      | Reached skill level 5 in Dodging
  5462 | D:5      | Reached **** piety under Trog
  5569 | D:5      | Found an ancient bone altar of Kikubaaqudgha.
  5569 | D:5      | Found a blossoming altar of Fedhas.
  5570 | D:5      | Found a sacrificial altar of Ru.
  5817 | D:6      | Reached XP level 8. HP: 70/70 MP: 8/8
  6144 | D:6      | Found a shimmering altar of Xom.
  6283 | D:6      | Found Mesets's Book Emporium.
  6865 | D:7      | Found a basalt altar of Yredelemnul.
  7002 | D:7      | Reached skill level 5 in Shields
  7157 | D:7      | Killed from afar by a steam dragon

Illustrated notes

Levels and vault maps discovered:
D:1:      onia_arrival_mini_spirals, layout_loops_ring, minmay_tetromino_o2
D:2:      layout_rooms, serial_shops, shop_statue, grunt_ministairs_7,
          uniq_natasha
D:3:      layout_basic, nicolae_qazlal_eye_of_the_storm,
          hellmonk_ecumenical_altar_blasted
D:4:      layout_loops_ring, makhleb_altar_promises_db, grunt_gozag_statues,
          nicolae_ossuary_entry_ruins, minmay_manual_mess
D:5:      layout_loops_cross, gammafunk_temple_overflow_forgotten
D:6:      layout_loops_ring, mainiacjoe_overflow_alcove_2, serial_shops, shop
D:7:      layout_basic, nicolae_yredelemnul_corpse_copse,
          mainiacjoe_overflow_big_doors, temple_hall

Skill      XL: |  1  2  3  4  5  6  7  8 |
---------------+-------------------------+-----
Dodging        | 3 4 5 6 |  6.1
Fighting       | 4 5 6 |  6.3
Axes           | 4 5 6 |  6.5
Stealth        | 1 2 |  2.3
Shields        | 1 4 5 |  5.3

Action                   |  1- 3 |  4- 6 |  7- 9 || total
-------------------------+-------+-------+-------++-------
Melee: Hand axe          |    82 |   305 |   183 ||   570
       Tailslap          |     5 |    46 |    40 ||    91
Invok: Berserk           |     2 |     3 |     4 ||     9
       Trog's Hand       |       |       |     1 ||     1
 Abil: Breathe Noxious F |       |       |     2 ||     2
  Use: Scroll            |     1 |     2 |     1 ||     4
       Potion            |       |     3 |       ||     3
 Stab: Sleeping          |     4 |     3 |     4 ||    11
       Confused          |       |       |     2 ||     2
Armor: Skin              |    24 |   106 |    75 ||   205
Dodge: Dodged            |    51 |    92 |    79 ||   222
Block: Tower shield      |       |   162 |   198 ||   360
